TOP OF THE 1ST |
Washington State University Cougars batting - Pitching for Pennsylvania State University Nittany Lions : RHP Ivan Bonilla
|
Pitching: RHP Ivan Bonilla
|
|
Batting: RHB Melvin Durland
|
0-0: Fly out, F9 (Flyball, 89S, EV 88.1 MPH)
|
Batting: LHB Josh Aerni
|
0-0: Called Strike 0-1: Ball 1-1: Fly out, F8 (Flyball, 8LXD, EV 98.8 MPH)
|
Batting: SHB Salvador Padilla
|
0-0: Fly out, F5 (Line Drive, 5, EV 67.5 MPH)
|
Top of the 1st over - 0 runs, 0 hits, 0 errors, 0 left on base; Washington State University 0 - Pennsylvania State University 0 |
BOTTOM OF THE 1ST |
Pennsylvania State University Nittany Lions batting - Pitching for Washington State University Cougars : RHP Clyde Miller
|
Pitching: RHP Clyde Miller
|
|
Batting: RHB Julian Gregory
|
0-0: Foul Ball, location: 2F 0-1: Bunt for hit to 5S - play at first, batter safe!
|
Batting: RHB Eric Wiss
|
0-0: Ball 1-0: Called Strike 1-1: Ball 2-1: Fielders Choice at 2nd, 5-4 (Groundball, 15, EV 84.4 MPH)
|
Batting: LHB Tyler Francis
|
0-0: Ball 1-0: Called Strike 1-1: Ball 2-1: Foul Ball, location: 2F 2-2: Ball 3-2: Fly out, F8 (Flyball, 78S, EV 93.8 MPH)
|
Batting: RHB Ben Burkholder
|
0-0: Called Strike Eric Wiss steals 2nd base 0-1: Ball 1-1: Ball 2-1: Ball 3-1: Base on Balls
|
Batting: LHB Angel Oropeza
|
0-0: Called Strike 0-1: Ball 1-1: Foul Ball, location: 2F 1-2: Ball 2-2: Ball 3-2: 3-RUN HOME RUN (Flyball, 8RXD, EV 106.9 MPH), Distance : 454 ft
|
Batting: RHB Tim Long
|
0-0: Ball 1-0: SOLO HOME RUN (Flyball, 78XD, EV 100.0 MPH), Distance : 416 ft
|
Batting: RHB Ethan Finke
|
0-0: Called Strike 0-1: Foul Ball, location: 2F 0-2: Foul Ball, location: 2F 0-2: Ball 1-2: Foul Ball, location: 2F 1-2: Foul Ball, location: 2F 1-2: Strikes out swinging
|
Bottom of the 1st over - 4 runs, 3 hits, 0 errors, 0 left on base; Washington State University 0 - Pennsylvania State University 4 |
TOP OF THE 2ND |
Washington State University Cougars batting - Pitching for Pennsylvania State University Nittany Lions : RHP Ivan Bonilla
|
Batting: RHB Gebre-Giorgios Wangondu
|
0-0: Ball 1-0: Called Strike 1-1: Called Strike 1-2: Ball 2-2: Foul Ball, location: 2F 2-2: Ground out 5-3 (Groundball, 56D, EV 90.6 MPH)
|
Batting: SHB Steve DeRienzo
|
0-0: Ball 1-0: Swinging Strike 1-1: SINGLE (Line Drive, 78S, EV 92.5 MPH)
|
Batting: RHB Johnny Lowe
|
0-0: Called Strike 0-1: Ball 1-1: Ball 2-1: Called Strike 2-2: Ball 3-2: SINGLE (Line Drive, 6D, EV 105.0 MPH) Steve DeRienzo to second
|
Batting: RHB Nick Deegan
|
0-0: Swinging Strike 0-1: Ball 1-1: Ball 2-1: Ball 3-1: Fielders Choice at 2nd, 3-6 (Groundball, 34, EV 75.6 MPH) Steve DeRienzo to third
|
Batting: RHB Vance Coen
|
0-0: Called Strike 0-1: Ball 1-1: Called Strike 1-2: Foul Ball, location: 2F 1-2: Ball 2-2: Ball 3-2: Base on Balls Nick Deegan to second
|
Batting: RHB Elmar Adenauer
|
0-0: Ball 1-0: Fielders Choice at 2nd, 6-4 (Groundball, 6, EV 104.4 MPH)
|
Top of the 2nd over - 0 runs, 2 hits, 0 errors, 3 left on base; Washington State University 0 - Pennsylvania State University 4 |
BOTTOM OF THE 2ND |
Pennsylvania State University Nittany Lions batting - Pitching for Washington State University Cougars : RHP Clyde Miller
|
Batting: RHB Coen Dirks
|
0-0: Ball 1-0: Called Strike 1-1: SINGLE (Line Drive, 6, EV 99.4 MPH)
|
Batting: RHB Luke Vaccarino
|
0-0: Called Strike 0-1: SINGLE (Line Drive, 6MD, EV 98.8 MPH) Coen Dirks to second
|
Batting: RHB Julian Gregory
|
0-0: Ball 1-0: Called Strike 1-1: Called Strike 1-2: Foul Ball, location: 2F 1-2: Foul Ball, location: 2F 1-2: Ball 2-2: Fly out, F7 (Flyball, 7, EV 97.5 MPH)
|
Batting: RHB Eric Wiss
|
0-0: Ball 1-0: Foul Ball, location: 2F 1-1: Ball 2-1: Ball 3-1: Fly out, F5 (Popup, 5S, EV 80.6 MPH)
|
Batting: LHB Tyler Francis
|
0-0: Swinging Strike 0-1: Ball 1-1: Ball 2-1: Called Strike 2-2: Foul Ball, location: 2F 2-2: Foul Ball, location: 2F 2-2: SINGLE (Groundball, 34D, EV 87.5 MPH) (infield hit) Coen Dirks to third Luke Vaccarino to second
|
Batting: RHB Ben Burkholder
|
0-0: Ball 1-0: Ball 2-0: Fly out, F9 (Line Drive, 9D, EV 101.3 MPH)
|
Bottom of the 2nd over - 0 runs, 3 hits, 0 errors, 3 left on base; Washington State University 0 - Pennsylvania State University 4 |
TOP OF THE 3RD |
Washington State University Cougars batting - Pitching for Pennsylvania State University Nittany Lions : RHP Ivan Bonilla
|
Batting: RHB Melvin Durland
|
0-0: Ball 1-0: SINGLE (Line Drive, 4MD, EV 101.3 MPH)
|
Batting: LHB Josh Aerni
|
0-0: Foul Ball, location: 2F 0-1: SINGLE (Groundball, 4MD, EV 93.8 MPH) Melvin Durland to second Runner from 2nd tries for 3rd, SAFE, no throw by CF
|
Batting: SHB Salvador Padilla
|
0-0: SINGLE (Flyball, 34D, EV 94.4 MPH) Melvin Durland scores Josh Aerni to second
|
Batting: RHB Gebre-Giorgios Wangondu
|
0-0: Called Strike 0-1: Called Strike 0-2: Ball 1-2: Ball 2-2: Fly out, F3 (Popup, 34, EV 81.9 MPH)
|
Batting: SHB Steve DeRienzo
|
0-0: Ball 1-0: Called Strike 1-1: Called Strike 1-2: Ball 2-2: Foul Ball, location: 2F 2-2: Ball 3-2: Grounds into double play, 4-6-3 (Groundball, 4, EV 83.1 MPH)
|
Top of the 3rd over - 1 run, 3 hits, 0 errors, 1 left on base; Washington State University 1 - Pennsylvania State University 4 |
BOTTOM OF THE 3RD |
Pennsylvania State University Nittany Lions batting - Pitching for Washington State University Cougars : RHP Clyde Miller
|
Batting: LHB Angel Oropeza
|
0-0: Ball 1-0: Foul Ball, location: 2F 1-1: Ball 2-1: Foul Ball, location: 2F 2-2: Fly out, F7 (Flyball, 7, EV 88.8 MPH)
|
Batting: RHB Tim Long
|
0-0: Fly out, F9 (Flyball, 89S, EV 96.3 MPH)
|
Batting: RHB Ethan Finke
|
0-0: Ball 1-0: Called Strike 1-1: Foul Ball, location: 2F 1-2: Ball 2-2: Ball 3-2: Strikes out swinging
|
Bottom of the 3rd over - 0 runs, 0 hits, 0 errors, 0 left on base; Washington State University 1 - Pennsylvania State University 4 |
TOP OF THE 4TH |
Washington State University Cougars batting - Pitching for Pennsylvania State University Nittany Lions : RHP Ivan Bonilla
|
Batting: RHB Johnny Lowe
|
0-0: Ball 1-0: Ball 2-0: Swinging Strike 2-1: SINGLE (Groundball, 56D, EV 101.9 MPH)
|
Batting: RHB Nick Deegan
|
0-0: Called Strike 0-1: Ball 1-1: Foul Ball, location: 2F 1-2: Strikes out swinging
|
Batting: RHB Vance Coen
|
0-0: Grounds into double play, 6-4-3 (Groundball, 6, EV 99.4 MPH)
|
Top of the 4th over - 0 runs, 1 hit, 0 errors, 0 left on base; Washington State University 1 - Pennsylvania State University 4 |
BOTTOM OF THE 4TH |
Pennsylvania State University Nittany Lions batting - Pitching for Washington State University Cougars : RHP Clyde Miller
|
Batting: RHB Coen Dirks
|
0-0: Bunt missed! 0-1: Foul Ball, location: 2F 0-2: Ball 1-2: Fly out, F7 (Flyball, 7LD, EV 91.3 MPH)
|
Batting: RHB Luke Vaccarino
|
0-0: Called Strike 0-1: Ball 1-1: Foul Ball, location: 2F 1-2: Ball 2-2: Strikes out looking
|
Batting: RHB Julian Gregory
|
0-0: Foul Ball, location: 2F 0-1: Fly out, F7 (Flyball, 7, EV 90.0 MPH)
|
Bottom of the 4th over - 0 runs, 0 hits, 0 errors, 0 left on base; Washington State University 1 - Pennsylvania State University 4 |
TOP OF THE 5TH |
Washington State University Cougars batting - Pitching for Pennsylvania State University Nittany Lions : RHP Ivan Bonilla
|
Batting: RHB Elmar Adenauer
|
0-0: Called Strike 0-1: Ball 1-1: Swinging Strike 1-2: Strikes out looking
|
Batting: RHB Melvin Durland
|
0-0: Fly out, F9 (Flyball, 89M, EV 93.8 MPH)
|
Batting: LHB Josh Aerni
|
0-0: Called Strike 0-1: Ball 1-1: Foul Ball, location: 2F 1-2: Ground out 4-3 (Groundball, 4, EV 92.5 MPH)
|
Top of the 5th over - 0 runs, 0 hits, 0 errors, 0 left on base; Washington State University 1 - Pennsylvania State University 4 |
BOTTOM OF THE 5TH |
Pennsylvania State University Nittany Lions batting - Pitching for Washington State University Cougars : RHP Clyde Miller
|
Batting: RHB Eric Wiss
|
0-0: Ball 1-0: Called Strike 1-1: Foul Ball, location: 2F 1-2: Ground out 5-3 (Groundball, 5L, EV 105.6 MPH)
|
Batting: LHB Tyler Francis
|
0-0: Ball 1-0: Called Strike 1-1: Ball 2-1: Ball 3-1: Called Strike 3-2: Strikes out looking
|
Batting: RHB Ben Burkholder
|
0-0: Ball 1-0: Ball 2-0: Ball 3-0: Called Strike 3-1: Ground out 4-3 (Groundball, 34, EV 103.1 MPH)
|
Bottom of the 5th over - 0 runs, 0 hits, 0 errors, 0 left on base; Washington State University 1 - Pennsylvania State University 4 |
TOP OF THE 6TH |
Washington State University Cougars batting - Pitching for Pennsylvania State University Nittany Lions : RHP Ivan Bonilla
|
Batting: SHB Salvador Padilla
|
0-0: Ball 1-0: Foul Ball, location: 2F 1-1: Ball 2-1: Swinging Strike 2-2: Ball 3-2: Foul Ball, location: 2F 3-2: Base on Balls
|
Pitching: RHP Charlie Gibbs
|
|
Batting: RHB Gebre-Giorgios Wangondu
|
0-0: Called Strike 0-1: Foul Ball, location: 2F 0-2: Strikes out swinging
|
Batting: SHB Steve DeRienzo
|
0-0: Foul Ball, location: 2F 0-1: Foul Ball, location: 2F 0-2: Strikes out swinging
|
Batting: RHB Johnny Lowe
|
0-0: Fielders Choice at 2nd, 6-4 (Groundball, 6, EV 83.8 MPH)
|
Top of the 6th over - 0 runs, 0 hits, 0 errors, 1 left on base; Washington State University 1 - Pennsylvania State University 4 |
BOTTOM OF THE 6TH |
Pennsylvania State University Nittany Lions batting - Pitching for Washington State University Cougars : RHP Clyde Miller
|
Batting: LHB Angel Oropeza
|
0-0: Called Strike 0-1: Ball 1-1: Ball 2-1: Ball 3-1: DOUBLE (Groundball, 3L, EV 103.1 MPH)
|
Batting: RHB Tim Long
|
0-0: Ball 1-0: 2-RUN HOME RUN (Flyball, 89XD, EV 106.9 MPH), Distance : 424 ft
|
Pitching: RHP Miguel de la Torre
|
|
Batting: RHB Ethan Finke
|
0-0: Ball 1-0: Foul Ball, location: 2F 1-1: Fly out, F9 (Flyball, 9, EV 85.0 MPH)
|
Batting: RHB Coen Dirks
|
0-0: Called Strike 0-1: Ball 1-1: Ground out 4-3 (Groundball, 34, EV 103.1 MPH)
|
Batting: RHB Luke Vaccarino
|
0-0: Ball 1-0: Foul Ball, location: 2F 1-1: Ball 2-1: Ball 3-1: Foul Ball, location: 2F 3-2: Foul Ball, location: 2F 3-2: DOUBLE (Line Drive, 9LS, EV 108.8 MPH)
|
Batting: RHB Julian Gregory
|
0-0: Ball 1-0: Fly out, F9 (Line Drive, 9D, EV 100.0 MPH)
|
Bottom of the 6th over - 2 runs, 3 hits, 0 errors, 1 left on base; Washington State University 1 - Pennsylvania State University 6 |
TOP OF THE 7TH |
Washington State University Cougars batting - Pitching for Pennsylvania State University Nittany Lions : RHP Charlie Gibbs
|
Batting: RHB Nick Deegan
|
0-0: Ball 1-0: Swinging Strike 1-1: Swinging Strike 1-2: Foul Ball, location: 2F 1-2: Strikes out swinging
|
Batting: RHB Vance Coen
|
0-0: Foul Ball, location: 2F 0-1: Ground out 5-3 (Groundball, 56S, EV 61.9 MPH)
|
Batting: RHB Elmar Adenauer
|
0-0: Ball 1-0: Foul Ball, location: 2F 1-1: Foul Ball, location: 2F 1-2: Foul Ball, location: 2F 1-2: Strikes out swinging
|
Top of the 7th over - 0 runs, 0 hits, 0 errors, 0 left on base; Washington State University 1 - Pennsylvania State University 6 |
BOTTOM OF THE 7TH |
Pennsylvania State University Nittany Lions batting - Pitching for Washington State University Cougars : RHP Miguel de la Torre
|
Batting: RHB Eric Wiss
|
0-0: Ball 1-0: Ball 2-0: SINGLE (Line Drive, 56D, EV 94.4 MPH)
|
Batting: LHB Tyler Francis
|
0-0: Called Strike 0-1: Ball 1-1: Ball 2-1: Ball 3-1: Foul Ball, location: 2F 3-2: Ground out 4-3 (Groundball, 4MS, EV 64.4 MPH) Eric Wiss to second
|
Pitching: RHP Juan Luna
|
|
Batting: RHB Ben Burkholder
|
0-0: Called Strike 0-1: Ball 1-1: Called Strike 1-2: Ball 2-2: Strikes out looking
|
Batting: LHB Angel Oropeza
|
0-0: Foul Ball, location: 2F 0-1: Swinging Strike 0-2: Foul Ball, location: 2F 0-2: Ball 1-2: Fly out, F8 (Line Drive, 8RM, EV 95.6 MPH)
|
Bottom of the 7th over - 0 runs, 1 hit, 0 errors, 1 left on base; Washington State University 1 - Pennsylvania State University 6 |
TOP OF THE 8TH |
Washington State University Cougars batting - Pitching for Pennsylvania State University Nittany Lions : RHP Charlie Gibbs
|
Batting: RHB Melvin Durland
|
0-0: Called Strike 0-1: Ball 1-1: Ball 2-1: SINGLE (Line Drive, 89S, EV 92.5 MPH)
|
Pitching: RHP Jesus Castro
|
|
Batting: LHB Josh Aerni
|
0-0: Fielders Choice at 2nd, 4-6 (Groundball, 4, EV 106.3 MPH)
|
Batting: SHB Salvador Padilla
|
0-0: Fielders Choice at 2nd, 6-4 (Groundball, 6, EV 96.3 MPH)
|
Batting: RHB Gebre-Giorgios Wangondu
|
0-0: Fly out, F9 (Flyball, 9LM, EV 90.0 MPH)
|
Top of the 8th over - 0 runs, 1 hit, 0 errors, 1 left on base; Washington State University 1 - Pennsylvania State University 6 |
BOTTOM OF THE 8TH |
Pennsylvania State University Nittany Lions batting - Pitching for Washington State University Cougars : RHP Juan Luna
|
Batting: RHB Tim Long
|
0-0: Called Strike 0-1: Ball 1-1: Ball 2-1: Ball 3-1: Base on Balls
|
Batting: RHB Ethan Finke
|
0-0: SINGLE (Line Drive, 4M, EV 109.4 MPH) Tim Long to second
|
Batting: RHB Coen Dirks
|
0-0: Ball 1-0: Fly out, F9 (Flyball, 89D, EV 100.6 MPH)
|
Batting: RHB Luke Vaccarino
|
0-0: Ball 1-0: Ball Wild Pitch! Tim Long to third Ethan Finke to second 2-0: Ball 3-0: Base on Balls
|
Batting: RHB Julian Gregory
|
0-0: Ball 1-0: Fly out, F9 (Flyball, 9LM, EV 78.1 MPH) Runner from 3rd tags up, OUT at HOME! 9-2
|
Bottom of the 8th over - 0 runs, 1 hit, 0 errors, 2 left on base; Washington State University 1 - Pennsylvania State University 6 |
TOP OF THE 9TH |
Washington State University Cougars batting - Pitching for Pennsylvania State University Nittany Lions : RHP Jesus Castro
|
Batting: SHB Steve DeRienzo
|
0-0: Called Strike 0-1: Ball 1-1: Ground out 6-3 (Groundball, 6, EV 92.5 MPH)
|
Batting: RHB Johnny Lowe
|
0-0: Called Strike 0-1: Ball 1-1: Foul Ball, location: 2F 1-2: Foul Ball, location: 2F 1-2: Ball 2-2: Fly out, F8 (Flyball, 89D, EV 89.4 MPH)
|
Batting: RHB Nick Deegan
|
0-0: Called Strike 0-1: Ball 1-1: Ground out 4-3 (Groundball, 4, EV 93.1 MPH)
|
Top of the 9th over - 0 runs, 0 hits, 0 errors, 0 left on base; Washington State University 1 - Pennsylvania State University 6 |
|